 Dungeon Sprint DCSS version 0.27-a0-156-gbcd94eb011 (webtiles) character file.

Game seed: 17898213735233171191

14 mhtbhm the Insei (level 2, -5/27 HPs)
             Began as an Octopode Transmuter on Jan 28, 2021.
             Slain by an ogre
             ... wielding a +0 giant club
              (12 damage)
             ... in the Dungeon (Sprint IX: "|||||||||||||||||||||||||||||").
             The game lasted 00:00:13 (137 turns).

mhtbhm the Insei (Octopode Transmuter)               Turns: 137, Time: 00:00:13

Health: -5/27      AC:  1    Str:  9    XL:     2   Next: 41%
Magic:  3/5        EV: 14    Int: 15    God:
Gold:   0          SH:  0    Dex: 12    Spells: 3/6 levels left

rFire    . . .     SeeInvis .     - Unarmed
rCold    . . .     Faith    .   (no shield)
rNeg     . . .     Spirit   .   (helmet currently unavailable)
rPois    .         Reflect  .   (no amulet)
rElec    .         Harm     .   (no ring)
rCorr    .         Rampage  .   (no ring)
Will     .....     NoTele   +   (no ring)
Stlth    ..........             (no ring)
HPRegen  0.09/turn              (no ring)
MPRegen  0.09/turn              (no ring)
                                (no ring)
                                (no ring)

@: berserking, appendages (expiring), wereblooded, very quick
A: almost no armour, stealthy swim, amphibious, 8 rings, constrict 8, tentacle
spike 3, camouflage 1, gelatinous body 1
a: End Transformation


You were in the Dungeon.
One of your tentacles had a temporary spike.
You visited 1 branch

Inventory:

Scrolls
 g - a scroll of blinking
Potions
 b - a potion of curing
 d - a potion of haste
 e - 2 potions of magic


   Skills:
 + Level 1.0 Fighting
 + Level 2.6 Dodging
 + Level 0.4 Stealth
 + Level 4.3 Unarmed Combat
 + Level 2.6 Spellcasting
 + Level 2.9 Transmutations


You had 3 spell levels left.
You knew the following spells:

 Your Spells              Type           Power        Failure   Level
a - Beastly Appendage     Tmut           20%          6%          1
b - Wereblood             Tmut           10%          10%         2

Your spell library contained the following spells:

 Spells                   Type           Power        Failure   Level
 Spider Form              Tmut/Pois      3%           34%         3
 Ice Form                 Ice/Tmut       6%           75%         4
 Blade Hands              Tmut           5%           86%         5


Dungeon Overview and Level Annotations

Branches:
Dungeon (1/1)

Altars:


Innate Abilities, Weirdness & Mutations

You cannot wear most types of armour.
You are very stealthy in the water. (Stealth+)
You are amphibious.
You can wear up to eight rings at the same time.
You can use your tentacles to constrict eight enemies at once.
Your skin changes colour to match your surroundings (Stealth+).
Your rubbery body absorbs attacks. (AC +1, EV +1)
One of your tentacles bears a large vicious spike.


Message History

You tentacle-slap the ogre. You squeeze the ogre.
The ogre is moderately wounded.
Your transformation is almost over.
The ogre hits you with a +0 giant club!
Ouch! That really hurt!
* * * LOW HITPOINT WARNING * * *
Unknown command.
You feel much better.
You howl as the wereblood boils in your veins!
The ogre hits you with a +0 giant club!
Ouch! That really hurt!
* * * LOW HITPOINT WARNING * * *
A red film seems to cover your vision as you go berserk!
You feel yourself moving faster!
You feel mighty! The ogre closely misses you.
You completely miss the ogre.
You pierce the ogre!
You squeeze the ogre.
The ogre is severely wounded.
You tentacle-slap the ogre.
The ogre is almost dead.
The ogre hits you with a +0 giant club!
You die... ▓▓▓▓▓▓▓▓▓▓▓▓▓▓▓▓▓▓ ▓<...'.)†.@OY5...+ ▓▓▓▓▓▓▓▓▓▓▓▓▓▓▓▓▓▓

You could see an ice beast, an ogre and a white imp.

Vanquished Creatures
  An ufetubus (D)
  A dart slug (D)
  2 giant cockroaches (D)
  A goblin (D)
  A bat (D)
  A frilled lizard (D)
7 creatures vanquished.

Notes
Turn   | Place    | Note
-------+----------+-------------------------------------------
     0 | D        | mhtbhm the Octopode Transmuter began the quest for the Orb.
     0 | D        | Reached XP level 1. HP: 13/13 MP: 3/3
    31 | D        | Reached XP level 2. HP: 12/18 MP: 5/5
   122 | D        | Learned a level 2 spell: Wereblood
   126 | D        | Noticed an ogre
   126 | D        | Noticed an ice beast
   133 | D        | Reached skill level 4 in Unarmed Combat
   137 | D        | Slain by an ogre

Illustrated notes

Levels and vault maps discovered:
D:        linesprint [early_d, line_temple, items_1, d_10, items_2, lair_1,
          lair_end, items_3, orc_1, orc_end, items_4, d_15, swamp_1, shoals_1,
          snake_1, spider_1, d_20, vaults_1, items_5, swamp_end, shoals_end,
          snake_end, spider_end, vaults_end, d_27, items_6, zot_1, zot_end,
          crypt_end, forest_end, elf_end, slime_end, tomb_end, abyss_end,
          pan_hell_end]

Skill      XL: |  1  2 |
---------------+-------+-----
Unarmed Combat | 4 |  4.3
Fighting       | |  1.0
Dodging        | |  2.6
Stealth        | |  0.4
Spellcasting   | |  2.6
Transmutations | |  2.9

Action                   || total
-------------------------++-------
Melee: Unarmed           ||    19
       Tentacles         ||     4
       Constrict         ||     3
       Punch             ||     1
       Kick              ||     2
 Cast: Beastly Appendage ||     2
       Wereblood         ||     1
  Use: Potion            ||     2
 Stab: Sleeping          ||     1
Armor: Skin              ||     2
Dodge: Dodged            ||    10

Table legend: (Time is in decaauts)
 A = Elapsed time spent in this place.
 B = Non-inter-level travel time spent in this place.
 C = Inter-level travel time spent in this place.
 D = Time resting spent in this place.
 E = Time spent auto-exploring this place.
 F = Levels seen in this place.
 G = Mean time per level.
                   A        B        C        D        E       F      G
               +--------+--------+--------+--------+--------+-----+--------+
         Total |    135 |    135 |      0 |     88 |     15 |   1 |  135.0 |
       Dungeon |    135 |    135 |      0 |     88 |     15 |   1 |  135.0 |
               +--------+--------+--------+--------+--------+-----+--------+

Top non-repeatable levels by time:
       D: 135 daAuts
